 Dungeon Crawl Stone Soup version 0.30-a0-777-ga9a30cbeda (webtiles) character file.

Game seed: 5072381741695166902

19741 Crownlay the Frost Mage (level 12, 0/92 HPs)
             Began as a Gnoll Ice Elementalist on Feb 14, 2023.
             Was an Elder of Uskayaw.
             Slain by an eight-headed hydra (3 damage)
             ... on level 3 of the Lair of Beasts.
             The game lasted 00:32:26 (15097 turns).

Crownlay the Frost Mage (Gnoll Ice Elementalist)   Turns: 15097, Time: 00:32:27

Health: 0/92       AC: 12    Str:  7    XL:     12   Next: 72%
Magic:  27/34      EV: 16    Int: 19    God:    Uskayaw [****..]
Gold:   635        SH:  5    Dex: 14    Spells: 22/29 levels left

rFire   . . .      SeeInvis .    r - +4 short sword
rCold   . . .      Faith    .    (no shield)
rNeg    . . .      Spirit   .    a - +0 robe
rPois   .          Reflect  +    (no helmet)
rElec   .          Harm     .    (no cloak)
rCorr   .          Rampage  .    (no gloves)
Will    .....                    w - +0 pair of boots
Stlth   ++++                     v - amulet of reflection
HPRegen 0.35/turn                d - ring of magical power
MPRegen 0.24/turn                C - ring of wizardry

@: ice-armoured
A: fangs 1, strong nose, distributed training
a: Renounce Religion, Stomp, Line Pass


You were on level 3 of the Lair of Beasts.
You worshipped Uskayaw.
Uskayaw was aware of your devotion.
You visited 3 branches of the dungeon, and saw 13 of its levels.

You collected 635 gold pieces.

Inventory:

Hand Weapons
 r - a +4 short sword (weapon)
 P - the +5 scythe "Finisher" {speed, eviscerate}
   (You found it on level 8 of the Dungeon)
Missiles
 F - a silver boomerang
Armour
 a - a +0 robe (worn)
 w - a +0 pair of boots (worn)
Magical Staves
 c - a staff of earth
Jewellery
 d - a ring of magical power (left hand)
 l - an amulet of the acrobat
 q - a ring of flight
 v - an amulet of reflection (around neck)
 y - a +6 ring of dexterity
 C - a ring of wizardry (right hand)
 E - a ring of see invisible
 J - a ring of resist corrosion
Wands
 x - a wand of mindburst (19)
 H - a wand of flame (27)
 I - a wand of iceblast (2)
 R - a wand of polymorph (8)
 U - a wand of paralysis (4)
Scrolls
 f - 5 scrolls of magic mapping
 g - a scroll of noise {unknown}
 j - a scroll of poison {unknown}
 k - 4 scrolls of fear {unknown}
 m - a scroll of blinking
 o - a scroll of torment {unknown}
 u - 4 scrolls of teleportation
 z - 3 scrolls of vulnerability
 B - 3 scrolls of fog
 D - a scroll of immolation {unknown}
 K - 4 scrolls of amnesia
 L - a scroll of brand weapon {unknown}
 Q - a scroll of enchant armour {unknown}
Potions
 b - 2 potions of magic
 e - 5 potions of haste {unknown}
 h - 2 potions of heal wounds
 i - 3 potions of degeneration {unknown}
 n - a potion of invisibility {unknown}
 p - a potion of attraction {unknown}
 s - 2 potions of berserk rage {unknown}
 t - a potion of resistance
 A - 6 potions of flight {unknown}
 G - 2 potions of lignification
 M - 2 potions of mutation {unknown}
 N - a potion of brilliance
 O - 4 potions of curing {unknown}
 S - a potion of might {unknown}
Miscellaneous
 T - a lightning rod (4/4)


   Skills:
 + Level 7.8 Fighting
 + Level 7.8 Short Blades
 + Level 7.8 Long Blades
 + Level 7.8 Axes
 + Level 7.8 Maces & Flails
 + Level 7.8 Polearms
 + Level 7.8 Staves
 + Level 7.8 Ranged Weapons
 + Level 7.8 Throwing
 + Level 7.8 Armour
 + Level 9.1 Dodging
 + Level 9.0 Stealth
 + Level 7.8 Shields
 + Level 7.8 Unarmed Combat
 + Level 9.4 Spellcasting
 + Level 6.5 Conjurations
 + Level 6.5 Hexes
 + Level 6.5 Summonings
 + Level 6.5 Necromancy
 + Level 6.5 Translocations
 + Level 6.5 Transmutations
 + Level 6.5 Fire Magic
 + Level 9.7 Ice Magic
 + Level 6.5 Air Magic
 + Level 6.5 Earth Magic
 + Level 6.5 Poison Magic
 + Level 8.6 Invocations
 + Level 7.8 Evocations


You had 22 spell levels left.
You knew the following spells:

 Your Spells              Type           Power      Damage    Failure   Level
a - Freeze                Ice            100%       1d10      1%          1
b - Frozen Ramparts       Ice            92%        1d14      1%          3
c - Ozocubu's Armour      Ice            46%        N/A       1%          3

Your spell library contained the following spells:

 Spells                   Type           Power      Damage    Failure   Level
 Beastly Appendage        Tmut           66%        N/A       1%          1
 Static Discharge         Conj/Air       66%        2-5/arc   1%          2
 Wereblood                Tmut           33%        N/A       1%          2
 Call Canine Familiar     Summ           33%        N/A       1%          3
 Portal Projectile        Hex/Tloc       66%        N/A       1%          3
 Spider Form              Tmut/Pois      33%        N/A       1%          3
 Vhi's Electric Charge    Tloc/Air       66%        N/A       1%          3
 Summon Ice Beast         Ice/Summ       39%        N/A       1%          4
 Leda's Liquefaction      Hex/Erth       16%        N/A       2%          4
 Arcjolt                  Conj/Air       16%        1d26      6%          5
 Blade Hands              Tmut           16%        N/A       6%          5
 Irradiate                Conj/Tmut      16%        3d17      6%          5
 Lightning Bolt           Conj/Air       16%        1d30      6%          5
 Dragon Form              Tmut           16%        N/A       86%         7


Dungeon Overview and Level Annotations

Branches:
Dungeon (9/15)             Temple (1/1) D:7            Lair (3/5) D:8
  Snake (0/4) Lair:3          Orc (0/2) D:9
  Swamp: Lair:2-3    Shoals: Lair:2-3

Altars:
Ashenzari
Cheibriados
Dithmenos
Fedhas
Gozag
Hepliaklqana
Kikubaaqudgha
Makhleb
Nemelex Xobeh
Okawaru
Qazlal
Ru
Sif Muna
Trog
Uskayaw
Vehumet
Wu Jian
Yredelemnul
Zin
The Shining One

Shops:
D:3 =   D:5 (

Annotations:
D:9 3 runed translucent doors, Glaciallarry's ghost, journeyman HuWr
Lair:1 1 runed translucent door, 2 transporters, Glaciallarry's ghost, adept TeAE


Innate Abilities, Weirdness & Mutations

You have very sharp teeth.
Your uncanny sense of smell can sniff out nearby items.
Your experience applies equally to all skills.


Message History

Uskayaw links your audience in an emotional bond!
Your Stealth skill increases to level 9!
Aiming: Paralyse
Press: ? - help, Shift-Dir - straight line, f - eight-headed hydra
Aim: an eight-headed hydra (moderately wounded, paralysed, sharing its pain, chance to affect: 32%) Nothing appears to happen.
The wall freezes the water moccasin!
The wall freezes the eight-headed hydra.
The wall freezes the water moccasin.
You kill the water moccasin!
The wall freezes the eight-headed hydra.
Your icy armour and frozen ramparts will break if you move.
Continue?
Your icy armour cracks and falls away as you move.
The frozen ramparts melt away as you move.
A bullfrog comes into view.
The eight-headed hydra is no longer paralysed.
The eight-headed hydra bites you.
The eight-headed hydra barely misses you.
The eight-headed hydra bites you. The eight-headed hydra bites you!
The eight-headed hydra completely misses you.
The eight-headed hydra barely misses you.
The eight-headed hydra bites you!
You block the eight-headed hydra's attack.
Casting: Frozen Ramparts (safe; 1% risk of failure)
Confirm with . or Enter, or press ? or * to list all spells.
Casting: Frozen Ramparts (safe; 1% risk of failure)
Press: ? - help, Dir - look around, f - activate
Okay, then.
Unknown command.
Casting: Frozen Ramparts (safe; 1% risk of failure)
Confirm with . or Enter, or press ? or * to list all spells.
A film of ice covers your body!
A boulder beetle comes into view.
The eight-headed hydra bites you!
* * * LOW HITPOINT WARNING * * *
The eight-headed hydra bites you.
* * * LOW HITPOINT WARNING * * *
The eight-headed hydra misses you. The eight-headed hydra bites you!
* * * LOW HITPOINT WARNING * * *
The eight-headed hydra bites you.
You die...

........... ..........
......B... ..........
.......... ...........
...F..... ...........
......... ........##
........# #.......##
........# #####......#
♣......(######P###......#
♣♣.....D@....P.........##
♣.......P#...P.#.(.......
♣♣.......###........♣♣♣♣♣♣
♣........# #....#.♣♣♣ ♣
♣♣........# ####.#♣♣
♣♣♣.........# ##♣
♣♣♣♣♣.......<...###
..♣♣................
.....)..............


You could see a boulder beetle (wandering), an eight-headed hydra (pain bonded)
and a bullfrog.

Vanquished Creatures
  A hydra (Lair:3)
  A skeletal warrior (D:8)
  Pikel (D:8)
  2 deep elf pyromancers
  2 black mambas (Lair:2)
  Joseph (D:8)
  2 komodo dragons
  6 cane toads
  A rime drake (Lair:1)
  A troll (D:9)
  A hornet (D:9)
  14 blink frogs
  A slime creature (D:7)
  A shadow (D:9)
  4 wraiths
  5 yaks (Lair:3)
  A wyvern (D:8)
  A basilisk (Lair:2)
  2 vampire mosquitoes (D:9)
  2 steam dragons
  5 nagas (Lair:3)
  Edmund (D:4)
  A swamp worm (Lair:3)
  13 water moccasins
  2 orc warriors
  2 sky beasts
  3 black bears (D:8)
  2 ogres
  A centaur (D:7)
  26 wolves (Lair:2)
  A lemure (D:8)
  A phantom (D:4)
  2 kobold brigands (D:7)
  9 bullfrogs
  A gnoll sergeant (D:7)
  A wyvern zombie (D:6)
  A necrophage (D:7)
  5 scorpions
  13 wights
  2 water moccasin zombies (D:6)
  4 killer bees (D:9)
  2 bullfrog zombies (D:6)
  2 gnoll boudas
  4 orc priests
  4 hounds
  Jessica (D:3)
  5 iguanas
  8 orc wizards
  Ijyb (D:3)
  A killer bee zombie (D:6)
  11 gnolls
  8 adders
  2 shadow imps (D:6)
  A white imp (D:7)
  3 ufetubi
  2 dart slugs
  3 worms
  28 orcs
  9 ball pythons
  7 endoplasms
  A giant cockroach (D:3)
  5 hobgoblins
  2 jackals (D:1)
  6 kobolds
  7 quokkas
  5 bats
  4 frilled lizards
  8 goblins
  6 rats
  A plant (Lair:2)
293 creatures vanquished.

Vanquished Creatures (others)
  64 fungi
  105 plants
  7 toadstools (Lair:3)
176 creatures vanquished.

Grand Total: 469 creatures vanquished

Notes
Turn   | Place    | Note
-------+----------+-------------------------------------------
     0 | D:1      | Crownlay the Gnoll Ice Elementalist began the quest for the
                  | Orb.
     0 | D:1      | Reached XP level 1. HP: 13/13 MP: 6/6
    35 | D:1      | Reached XP level 2. HP: 9/19 MP: 1/7
   678 | D:1      | Reached skill level 5 in Spellcasting
   678 | D:1      | Reached XP level 3. HP: 22/25 MP: 5/9
  1094 | D:1      | Reached skill level 1 in Invocations
  1257 | D:2      | Learned a level 3 spell: Frozen Ramparts
  1261 | D:2      | Learned a level 3 spell: Ozocubu's Armour
  1298 | D:2      | Reached skill level 1 in Fighting
  1298 | D:2      | Reached skill level 1 in Short Blades
  1298 | D:2      | Reached skill level 1 in Long Blades
  1298 | D:2      | Reached skill level 1 in Axes
  1298 | D:2      | Reached skill level 1 in Maces & Flails
  1298 | D:2      | Reached skill level 1 in Polearms
  1298 | D:2      | Reached skill level 1 in Staves
  1298 | D:2      | Reached skill level 1 in Ranged Weapons
  1298 | D:2      | Reached skill level 1 in Throwing
  1298 | D:2      | Reached skill level 1 in Armour
  1298 | D:2      | Reached skill level 1 in Shields
  1298 | D:2      | Reached skill level 1 in Unarmed Combat
  1298 | D:2      | Reached skill level 1 in Evocations
  1348 | D:2      | Found a faded altar of an unknown god.
  1497 | D:2      | Reached XP level 4. HP: 28/32 MP: 3/11
  2192 | D:3      | Found Bumysyum's Jewellery Shoppe.
  2203 | D:3      | Reached skill level 1 in Conjurations
  2203 | D:3      | Reached skill level 1 in Hexes
  2203 | D:3      | Reached skill level 1 in Summonings
  2203 | D:3      | Reached skill level 1 in Necromancy
  2203 | D:3      | Reached skill level 1 in Translocations
  2203 | D:3      | Reached skill level 1 in Transmutations
  2203 | D:3      | Reached skill level 1 in Fire Magic
  2203 | D:3      | Reached skill level 1 in Air Magic
  2203 | D:3      | Reached skill level 1 in Earth Magic
  2203 | D:3      | Reached skill level 1 in Poison Magic
  2375 | D:3      | Noticed Jessica
  2398 | D:3      | Killed Jessica
  2399 | D:3      | Reached XP level 5. HP: 37/37 MP: 6/12
  2846 | D:3      | Noticed Ijyb
  2853 | D:3      | Killed Ijyb
  3190 | D:4      | Reached XP level 6. HP: 44/44 MP: 10/13
  3268 | D:4      | Reached skill level 5 in Dodging
  3608 | D:4      | Found an ornate altar of the Wu Jian Council.
  3702 | D:4      | Noticed Edmund
  3707 | D:4      | Reached XP level 7. HP: 51/51 MP: 8/15
  3714 | D:4      | Killed Edmund
  3953 | D:4      | Found a burning altar of Makhleb.
  4109 | D:5      | Entered Level 5 of the Dungeon
  4124 | D:5      | Reached skill level 5 in Stealth
  4325 | D:5      | Reached XP level 8. HP: 55/58 MP: 7/16
  4403 | D:5      | Found Ovozaeja's Weapon Emporium.
  5029 | D:6      | Found an iron altar of Okawaru.
  5568 | D:6      | Found a basalt altar of Yredelemnul.
  6033 | D:7      | HP: 3/60 [gnoll sergeant/+2 trident of venom (8)]
  6299 | D:7      | Reached XP level 9. HP: 42/65 MP: 18/18
  7076 | D:7      | Noticed a deep elf pyromancer
  7329 | D:7      | Reached skill level 5 in Invocations
  7435 | D:7      | Found a staircase to the Ecumenical Temple.
  7445 | Temple   | Entered the Ecumenical Temple
  7450 | Temple   | Became a worshipper of Uskayaw the Reveller
  7503 | D:7      | Reached * piety under Uskayaw
  7513 | D:7      | Reached ** piety under Uskayaw
  8256 | D:7      | Reached *** piety under Uskayaw
  8258 | D:7      | Reached **** piety under Uskayaw
  8259 | D:7      | Killed a deep elf pyromancer
  8260 | D:7      | Reached skill level 5 in Fighting
  8260 | D:7      | Reached skill level 5 in Short Blades
  8260 | D:7      | Reached skill level 5 in Long Blades
  8260 | D:7      | Reached skill level 5 in Axes
  8260 | D:7      | Reached skill level 5 in Maces & Flails
  8260 | D:7      | Reached skill level 5 in Polearms
  8260 | D:7      | Reached skill level 5 in Staves
  8260 | D:7      | Reached skill level 5 in Ranged Weapons
  8260 | D:7      | Reached skill level 5 in Throwing
  8260 | D:7      | Reached skill level 5 in Armour
  8260 | D:7      | Reached skill level 5 in Shields
  8260 | D:7      | Reached skill level 5 in Unarmed Combat
  8260 | D:7      | Reached skill level 5 in Evocations
  8260 | D:7      | Reached XP level 10. HP: 67/74 MP: 14/20
  8264 | D:7      | Reached ***** piety under Uskayaw
  8465 | D:8      | Noticed Pikel
  8473 | D:8      | Reached ****** piety under Uskayaw
  8475 | D:8      | Killed Pikel
  8717 | D:8      | Found a broken altar of Ashenzari.
  8725 | D:8      | Noticed Joseph
  8743 | D:8      | Killed Joseph
  9081 | D:8      | Found a staircase to the Lair.
  9563 | D:8      | Identified the +1 hand axe "Waucaneu" {venom, +Blink Dex+4}
  9570 | D:8      | Noticed a skeletal warrior
  9584 | D:8      | Killed a skeletal warrior
  9585 | D:8      | Reached skill level 5 in Conjurations
  9585 | D:8      | Reached skill level 5 in Hexes
  9585 | D:8      | Reached skill level 5 in Summonings
  9585 | D:8      | Reached skill level 5 in Necromancy
  9585 | D:8      | Reached skill level 5 in Translocations
  9585 | D:8      | Reached skill level 5 in Transmutations
  9585 | D:8      | Reached skill level 5 in Fire Magic
  9585 | D:8      | Reached skill level 5 in Air Magic
  9585 | D:8      | Reached skill level 5 in Earth Magic
  9585 | D:8      | Reached skill level 5 in Poison Magic
  9585 | D:8      | Reached XP level 11. HP: 27/81 MP: 10/23
  9778 | D:8      | Found the +5 scythe "Finisher" {speed, eviscerate}
  9909 | D:8      | Found a shimmering blue altar of Sif Muna.
 10016 | D:8      | Found a sparkling altar of Nemelex Xobeh.
 10205 | D:9      | Found a runed translucent gate.
 10207 | D:9      | Found a runed translucent gate.
 10208 | D:9      | Found a runed translucent gate.
 10253 | D:9      | Noticed a deep elf pyromancer
 10274 | D:9      | Killed a deep elf pyromancer
 10503 | D:9      | Found a glowing golden altar of the Shining One.
 10683 | D:9      | Noticed Glaciallarry's ghost (journeyman HuWr)
 10840 | D:9      | Found a staircase to the Orcish Mines.
 11055 | D:9      | Found a sacrificial altar of Ru.
 11250 | Lair:1   | Entered Level 1 of the Lair of Beasts
 11376 | Lair:1   | Found a runed translucent door.
 11660 | Lair:1   | You fall into a shaft and drop 1 floor!
 11919 | Lair:1   | Reached XP level 12. HP: 66/91 MP: 19/24
 12208 | Lair:1   | Noticed Glaciallarry's ghost (adept TeAE)
 12209 | Lair:1   | Identified the +2 trident of Peawkaet {spect, rC- rCorr
                  | Stlth+}
 12229 | Lair:1   | Found a transporter.
 12273 | Lair:1   | Found a transporter.
 14738 | Lair:3   | Found a staircase to the Snake Pit.
 15080 | Lair:3   | Noticed a seven-headed hydra
 15088 | Lair:3   | Noticed an eight-headed hydra
 15094 | Lair:3   | Killed a seven-headed hydra
 15097 | Lair:3   | Noticed a boulder beetle
 15097 | Lair:3   | HP: 3/92 [eight-headed hydra (10)]
 15097 | Lair:3   | Slain by an eight-headed hydra

Illustrated notes

Levels and vault maps discovered:
D:1:      minmay_arrival_radiant_lines, layout_basic
D:2:      layout_basic, shapermc_ecumenical_altar_mp_urbaneastern,
          minmay_strange_pillars, kennysheep_cluttered_room, st_stairs_11
D:3:      layout_basic, serial_shops, nicolae_shop_statue_plus,
          chequers_serial_rivers_micro_a, minmay_cupped, uniq_jessica, uniq_ijyb
D:4:      layout_cave_pools, mainiacjoe_overflow_alcove_2,
          nicolae_wu_jian_wuxing_cycle, nicolae_concentric_dashed_squares_mild,
          chequers_serial_rivers_small_a, serial_bayou_pond_b, uniq_edmund
D:5:      layout_rooms, serial_shops, nicolae_shop_statue_plus
D:6:      layout_loops_ring, okawaru_trees_1, nicolae_yredelemnul_corpse_copse
D:7:      minmay_chambers_of_sevens, layout_basic, temple_fountains
D:8:      layout_basic, cheibrodos_ashenzari_chains,
          nicolae_sif_muna_condensation, nicolae_overflow_crystal_walls,
          due_lair_maze_entry_diamond, minmay_guarded_unrand_finisher,
          uniq_joseph, uniq_pikel
D:9:      layout_cross, nicolae_ru_the_path_less_chosen, lemuel_doored_altar,
          orc_0_dummy, gammafunk_ghost_icy
Temple:   minmay_freezing_vapour_temple
Lair:1:   gammafunk_cloud_chamber, layout_cave_pods,
          ebering_ghost_funeral_grove, lemuel_fruit_fields
Lair:2:   layout_small_grid, serial_rivers, chequers_serial_rivers_large_b,
          chequers_serial_rivers_micro_a, chequers_serial_rivers_large_a,
          chequers_serial_rivers_marsh, chequers_serial_rivers_small_a,
          chequers_serial_rivers_micro_c, grunt_forest_large_clearings
Lair:3:   gammafunk_lair_enchanted_lake, layout_regular_city,
          palyth_hydra_swamp_entry, minmay_snake_entry_guardpost_medium,
          serial_bayou_lagoon_a, serial_bayou_shore_a

Skill      XL: |  1  2  3  4  5  6  7  8  9 10 11 12 |
---------------+-------------------------------------+-----
Spellcasting   | 5 6 7 8 9 |  9.4
Invocations    | 1 2 3 4 5 6 7 8 |  8.6
Fighting       | 1 2 3 4 5 6 7 |  7.8
Short Blades   | 1 2 3 4 5 6 7 |  7.8
Long Blades    | 1 2 3 4 5 6 7 |  7.8
Axes           | 1 2 3 4 5 6 7 |  7.8
Maces & Flails | 1 2 3 4 5 6 7 |  7.8
Polearms       | 1 2 3 4 5 6 7 |  7.8
Staves         | 1 2 3 4 5 6 7 |  7.8
Ranged Weapons | 1 2 3 4 5 6 7 |  7.8
Throwing       | 1 2 3 4 5 6 7 |  7.8
Armour         | 1 2 3 4 5 6 7 |  7.8
Shields        | 1 2 3 4 5 6 7 |  7.8
Unarmed Combat | 1 2 3 4 5 6 7 |  7.8
Evocations     | 1 2 3 4 5 6 7 |  7.8
Conjurations   | 1 2 3 4 5 6 |  6.5
Hexes          | 1 2 3 4 5 6 |  6.5
Summonings     | 1 2 3 4 5 6 |  6.5
Necromancy     | 1 2 3 4 5 6 |  6.5
Translocations | 1 2 3 4 5 6 |  6.5
Transmutations | 1 2 3 4 5 6 |  6.5
Fire Magic     | 1 2 3 4 5 6 |  6.5
Air Magic      | 1 2 3 4 5 6 |  6.5
Earth Magic    | 1 2 3 4 5 6 |  6.5
Poison Magic   | 1 2 3 4 5 6 |  6.5
Dodging        | 5 6 7 8 9 |  9.1
Stealth        | 5 6 7 8 9 |  9.0
Ice Magic      | 8 9 |  9.7

Action                     |  1- 3 |  4- 6 |  7- 9 | 10-12 || total
---------------------------+-------+-------+-------+-------++-------
  Melee: Unarmed           |     9 |       |       |       ||     9
         Bite              |     1 |     2 |    28 |    40 ||    71
         Punch             |     1 |       |     7 |     7 ||    15
         Staff             |     6 |     9 |       |       ||    15
         Short sword       |       |    49 |   185 |    13 ||   247
         Trident           |       |       |    43 |   117 ||   160
         War axe           |       |       |    12 |       ||    12
         Scythe            |       |       |       |   210 ||   210
   Cast: Freeze            |    58 |    35 |    13 |     1 ||   107
         Frozen Ramparts   |     1 |    10 |    35 |    61 ||   107
         Ozocubu's Armour  |       |     6 |    17 |    33 ||    56
  Evoke: Wand              |       |       |       |     8 ||     8
    Use: Scroll            |       |       |     4 |     5 ||     9
         Potion            |       |       |     2 |     1 ||     3
   Stab: Sleeping          |     1 |       |     4 |     2 ||     7
         Paralysed         |       |       |     2 |    37 ||    39
 Armour: Robe              |     4 |    13 |    49 |    83 ||   149
  Dodge: Dodged            |    44 |    39 |   135 |   234 ||   452
  Block: Other             |       |     4 |    55 |    68 ||   127
         Reflection        |       |     1 |       |     1 ||     2

Table legend: (Time is in decaauts)
 A = Elapsed time spent in this place.
 B = Non-inter-level travel time spent in this place.
 C = Inter-level travel time spent in this place.
 D = Time resting spent in this place.
 E = Time spent auto-exploring this place.
 F = Levels seen in this place.
 G = Mean time per level.
                   A        B        C        D        E       F      G
               +--------+--------+--------+--------+--------+-----+--------+
         Total |  15137 |  14713 |    424 |      0 |  12335 |  13 | 1164.4 |
       Dungeon |  11239 |  10895 |    344 |      0 |   9098 |   9 | 1248.8 |
        Temple |     10 |     10 |      0 |      0 |      0 |   1 |   10.0 |
          Lair |   3887 |   3807 |     80 |      0 |   3237 |   3 | 1295.7 |
               +--------+--------+--------+--------+--------+-----+--------+

Top non-repeatable levels by time:
     D:7: 2440 daAuts
  Lair:2: 1850 daAuts
     D:8: 1843 daAuts
  Lair:1: 1284 daAuts
     D:1: 1144 daAuts
     D:3: 1102 daAuts
     D:6: 1047 daAuts
     D:4: 984 daAuts
     D:9: 966 daAuts
     D:2: 872 daAuts
     D:5: 837 daAuts
  Lair:3: 752 daAuts
  Temple: 10 daAuts
